 Dungeon Crawl Stone Soup version 0.32-a0-290-g598725c5f2 (webtiles) character file.

Game seed: 9374696153244611910

105 lunkers the Chiller (level 4, -2/37 (39) HPs)
             Began as an Oni Ice Elementalist on Feb 13, 2024.
             Slain by Crazy Yiuf
             ... wielding a +4 quarterstaff of chaos
              (19 damage)
             ... on level 2 of the Dungeon.
             The game lasted 00:04:16 (2164 turns).

lunkers the Chiller (Oni Ice Elementalist)          Turns: 2164, Time: 00:04:17

HP:   -2/37 (39)    AC: -1    Str: 12    XL:     4   Next: 83%
MP:   4/9           EV:  9    Int: 24    God:
Gold: 106           SH:  0    Dex:  9    Spells: 0/10 levels left

rFire   . . .        (no weapon)
rCold   . . .        (no shield)
rNeg    . . .        a - +0 robe
rPois   .            (helmet restricted)
rElec   .            (no cloak)
rCorr   .            (gloves unavailable)
SInv    .            (boots unavailable)
Will    .....        (no amulet)
Stlth   +            b - +6 ring of intelligence
HPRegen 0.26/turn    (no ring)
MPRegen 0.11/turn

%: no passive effects
@: corroded, freezing walls, drained
A: large, unfitting armour, horns 1, tough skin 1, double potion healing,
drunken brawling
a: no special abilities


You were on level 2 of the Dungeon.
You visited 1 branch of the dungeon, and saw 2 of its levels.

You collected 106 gold pieces.

Inventory:

Armour
 a - a +0 robe (worn)
Magical Staves
 g - a staff of fire
Jewellery
 b - a +6 ring of intelligence (left hand)
Scrolls
 c - a scroll of fear {unknown}
 e - a scroll of revelation {unknown}
 f - 2 scrolls of identify {unknown}
 j - a scroll of fog {unknown}
 k - a scroll of immolation {unknown}
 l - 2 scrolls of teleportation {unknown}
 n - a scroll of enchant armour {unknown}
Potions
 d - 2 potions of heal wounds {unknown}
 h - 2 potions of enlightenment {unknown}
 i - a potion of cancellation {unknown}
 m - a potion of attraction {unknown}


   Skills:
 - Level 1.7 Dodging
 - Level 1.4 Stealth
 + Level 3.7 Spellcasting
 * Level 4.9 Ice Magic


You couldn't memorise any spells.
You knew the following spells:

 Your Spells              Type           Power      Damage    Failure   Level
a - Freeze                Ice            100%       1d10      1%          1
b - Frozen Ramparts       Ice            56%        1d9       4%          3
c - Ozocubu's Armour      Ice            28%        N/A       4%          3
d - Summon Ice Beast      Ice/Summ       16%        N/A       11%         3

Your spell library contained the following spells:

 Spells                   Type           Power      Damage    Failure   Level
 Sandblast                Erth           8%         2d5       10%         1
 Passwall                 Erth           4%         N/A       30%         3
 Stone Arrow              Conj/Erth      8%         3d7       30%         3
 Brom's Barrelling Bould  Conj/Erth      4%         2d3       69%         4


Dungeon Overview and Level Annotations

Branches:
Dungeon (2/15)

Altars:

Annotations:
D:2 Crazy Yiuf


Innate Abilities, Weirdness & Mutations

You are too large for most types of armour.
You have a pair of small horns on your head.
You have tough skin. (AC +1)
You gain doubled healing and magic from potions.
Whenever you drink a healing potion, you attack all around you.


Message History

No target in view!
No target in view!
No target in view!
Things that are here:
a +0 club; a stone You enter the shallow water.
Crazy Yiuf shouts!
Crazy Yiuf waves his quarterstaff at you.
Failed to move towards target.
Could not explore, unopened runed door.
Could not explore, unopened runed door.
Could not explore, unopened runed door.
You open the door.
Casting: Freeze (safe; 1% risk of failure)
Confirm with . or Enter, or press ? or * to list all spells.
Casting: Frozen Ramparts (dangerous; 4% risk of failure)
Press: ? - help, Dir - look around, f - activate The walls around you are covered in ice.
The wall freezes Crazy Yiuf.
Crazy Yiuf hits you with a +4 quarterstaff of chaos!
The acid corrodes you!
Aiming: Freeze (safe; 1% risk of failure)
Press: ? - help, Q - select action, (/) - cycle Shift-Dir - straight line, f - Crazy Yiuf
Aim: Crazy Yiuf, wielding a +4 quarterstaff of chaos and wearing a +0 cloak (lightly wounded)
You freeze Crazy Yiuf.
Crazy Yiuf is moderately wounded.
The wall freezes Crazy Yiuf.
Crazy Yiuf hits you with a +4 quarterstaff of chaos!
* * * LOW HITPOINT WARNING * * *
You feel drained.
* * * LOW HITPOINT WARNING * * *
Aiming: Freeze (safe; 1% risk of failure)
Press: ? - help, Q - select action, (/) - cycle Shift-Dir - straight line, f/p - Crazy Yiuf
Aim: Crazy Yiuf, wielding a +4 quarterstaff of chaos and wearing a +0 cloak (moderately wounded)
You freeze Crazy Yiuf.
Crazy Yiuf is heavily wounded.
The wall freezes Crazy Yiuf.
Crazy Yiuf hits you with a +4 quarterstaff of chaos!!
Ouch! That really hurt!
You die...

#.........##
#.###.##)##~≈≈~~..##
+.........'# ###
#####..~~≈≈~....
#.........##
####~≈≈~~<##
##.......## #####
#~~≈≈~... ##.....##
#..)# ##~≈≈~...
##...## #...#
#~≈≈~~#. ## ##'##
... #~~≈≈~#. .## #.#
### #g# ##~≈≈~#. ..#
#.###.## ♣♣@♣
#~≈≈~.. ..###.##.#.#
♣.♣♣ #~≈≈~#.
........#### ♣♣.♣
##~≈≈~#.
..#).....#.# ♣.♣♣
#~~≈≈~#.
#.##÷..##..# ♣♣.♣♣
#~≈≈~~..
#.###.###### ♣.PP♣♣
#~≈≈~#.. #.# #.#
♣.PPP♣ ##~≈≈~#.. ..#
#.# ##..## #~~≈≈~###
### #.# #....#
#~≈≈~~#


You could see Crazy Yiuf.

Vanquished Creatures
  An adder (D:2)
  A ribbon worm (D:2)
  A dart slug (D:2)
  2 endoplasms
  A giant cockroach (D:2)
  5 hobgoblins
  3 jackals (D:2)
  7 kobolds
  2 quokkas (D:1)
  4 ball pythons
  7 bats
  2 frilled lizards (D:2)
  10 goblins
  5 rats
51 creatures vanquished.

Notes
Turn   | Place    | Note
-------+----------+-------------------------------------------
     0 | D:1      | lunkers the Oni Ice Elementalist began the quest for the
                  | Orb.
     0 | D:1      | Reached XP level 1. HP: 16/16 MP: 3/3
    46 | D:1      | Reached XP level 2. HP: 21/24 MP: 0/5
   117 | D:1      | Reached skill level 4 in Ice Magic
   364 | D:1      | Reached XP level 3. HP: 31/31 MP: 0/7
   506 | D:1      | Learned a level 3 spell: Frozen Ramparts
   713 | D:2      | Learned a level 3 spell: Ozocubu's Armour
   738 | D:2      | Found a faded altar of an unknown god.
   807 | D:2      | Found a runed translucent door.
   808 | D:2      | Noticed Crazy Yiuf
  1189 | D:2      | Reached XP level 4. HP: 39/39 MP: 7/9
  1538 | D:2      | Learned a level 3 spell: Summon Ice Beast
  2164 | D:2      | Slain by Crazy Yiuf

Illustrated notes

Levels and vault maps discovered:
D:1:      lightli_arrival_noodles, layout_rooms
D:2:      wander_river, layout_loops_corners, shapermc_ecumenical_altar_gd,
          minmay_randomly_rotated_circles, uniq_crazy_yiuf_cottage

Skill      XL: |  1  2 |
---------------+-------+-----
Ice Magic      | 4 |  4.9
Spellcasting   | 3 |  3.7
Dodging        | |  1.7
Stealth        | |  1.4

Action                     |  1- 3 |  4- 6 || total
---------------------------+-------+-------++-------
  Melee: Unarmed           |    12 |       ||    12
         Headbutt          |     2 |     1 ||     3
   Cast: Freeze            |    46 |    27 ||    73
         Frozen Ramparts   |       |     2 ||     2
    Use: Potion            |       |     1 ||     1
 Armour: Robe              |    31 |    43 ||    74
  Dodge: Dodged            |    23 |    12 ||    35

Table legend: (Time is in decaauts)
 A = Elapsed time spent in this place.
 B = Non-inter-level travel time spent in this place.
 C = Inter-level travel time spent in this place.
 D = Time resting spent in this place.
 E = Time spent auto-exploring this place.
 F = Levels seen in this place.
 G = Mean time per level.
                   A        B        C        D        E       F      G
               +--------+--------+--------+--------+--------+-----+--------+
         Total |   2163 |   2143 |     20 |      0 |   1875 |   2 | 1081.5 |
       Dungeon |   2163 |   2143 |     20 |      0 |   1875 |   2 | 1081.5 |
               +--------+--------+--------+--------+--------+-----+--------+

Top non-repeatable levels by time:
     D:2: 1455 daAuts
     D:1: 708 daAuts
